[Event "ICC tourney 2350 (60 10)"]
[Site "Internet Chess Club"]
[Date "2021.01.30"]
[Round "3"]
[White "elMo17"]
[Black "AveryLucasNY"]
[Result "0-1"]
[ICCResult "White resigns"]
[WhiteElo "1786"]
[BlackElo "2014"]
[Opening "Queen's pawn game"]
[ECO "D04"]
[NIC "QP.08"]
[Time "16:02:35"]
[PlyCount "96"]
[TimeControl "3600+10"]

1. d4 d5 2. Nf3 Nf6 3. e3 Bg4 4. Nbd2 e6 5. Be2 c5 6. O-O Nc6 7. c3 Bd6 8.
dxc5 Bxc5 9. b4 Bd6 10. Bb2 O-O 11. h3 Bh5 12. b5 Ne5 13. Nxe5 Bxe2 14.
Nxf7 Rxf7 15. Qxe2 Bc7 16. c4 Qd6 17. g3 e5 18. Nf3 Nd7 19. cxd5 Qh6 20.
Kg2 Raf8 21. Nd2 Qg6 22. Ba3 Re8 23. Rac1 Bb8 24. e4 Bd6 25. Bxd6 Qxd6 26.
Rc2 Ref8 27. Nc4 Qb4 28. Rb2 Qc5 29. Ne3 g6 30. Ng4 Rf3 31. Rc2 Qb6 32. Nh2
R3f7 33. f3 h5 34. Rfc1 h4 35. gxh4 Nf6 36. Rc8 Nh5 37. Rxf8+ Rxf8 38. Qd2
Nf4+ 39. Kh1 Qd6 40. Ng4 Rd8 41. Qc2 Qe7 42. Qh2 Qa3 43. Rf1 Qd3 44. Re1
Qxf3+ 45. Kg1 Nxh3+ 46. Qxh3 Qxh3 47. Nxe5 Qg3+ 48. Kf1 Qxe5 { White
resigns } 0-1

[Event "ICC tourney 2350 (60 10)"]
[Site "Internet Chess Club"]
[Date "2021.01.30"]
[Round "3"]
[White "MCTS13"]
[Black "BinghuiDu"]
[Result "1-0"]
[ICCResult "Black resigns"]
[WhiteElo "2195"]
[BlackElo "1925"]
[Opening "Vienna game"]
[ECO "C28"]
[NIC "VG.02"]
[Time "16:02:49"]
[PlyCount "101"]
[TimeControl "3600+10"]

1. e4 e5 2. Bc4 Nf6 3. Nc3 Nc6 4. d3 Bc5 5. f4 d6 6. Nf3 Bg4 7. Na4 Bb6 8.
Nxb6 axb6 9. c3 Qe7 10. O-O O-O-O 11. h3 Bxf3 12. Qxf3 Rhe8 13. f5 d5 14.
Bb3 Qd6 15. Bg5 Qc5+ 16. Kh1 Ne7 17. Rad1 c6 18. Bxf6 gxf6 19. Qh5 Ng8 20.
Qxh7 Qe3 21. Qh4 Rd6 22. Rfe1 Qg5 23. Qf2 Nh6 24. Qe3 Qh4 25. Qf3 dxe4 26.
dxe4 Red8 27. Qe2 Qg3 28. Rxd6 Rxd6 29. Rd1 Rxd1+ 30. Bxd1 Qf4 31. Kg1 Kc7
32. b3 Qc1 33. Qd3 Ng8 34. g3 b5 35. Kf2 Qb2+ 36. Qc2 Qa3 37. Qd2 Qa7+ 38.
Kg2 Qc5 39. h4 Qd6 40. Qxd6+ Kxd6 41. b4 Ne7 42. Bb3 b6 43. Bxf7 c5 44. h5
cxb4 45. cxb4 Nxf5 46. exf5 Ke7 47. Bd5 Kf8 48. h6 e4 49. g4 e3 50. Kf3 e2
51. Kxe2 { Black resigns } 1-0

[Event "ICC tourney 2350 (60 10)"]
[Site "Internet Chess Club"]
[Date "2021.01.30"]
[Round "3"]
[White "Gadus-morhua"]
[Black "Markss1420"]
[Result "0-1"]
[ICCResult "White resigns"]
[WhiteElo "2136"]
[BlackElo "2090"]
[Opening "Queen's pawn: Keres defense"]
[ECO "A40"]
[NIC "QO.17"]
[Time "16:02:41"]
[PlyCount "94"]
[TimeControl "3600+10"]

1. d4 e6 2. c4 b6 3. e4 Bb7 4. Nc3 Bb4 5. f3 f5 6. exf5 exf5 7. Bd3 Qf6 8.
Be3 Nc6 9. Ne2 Nge7 10. O-O Bxc3 11. bxc3 Na5 12. Nf4 g5 13. Nh5 Qf7 14. g4
f4 15. Bf2 d5 16. cxd5 Bxd5 17. Qe2 O-O-O 18. Rfc1 Nec6 19. Ba6+ Kb8 20.
Qd3 Rhf8 21. Kg2 Nc4 22. Re1 N6a5 23. Re2 Qg6 24. Qb1 Qc6 25. Qd3 Bf7 26.
Qe4 Qh6 27. Rae1 Bxh5 28. gxh5 Qxh5 29. Qd3 Nd6 30. Re7 g4 31. Qxh7 gxf3+
32. Kh1 Qxh7 33. Rxh7 Rde8 34. Rh3 Ne4 35. Rf1 Rg8 36. Rxf3 Nd2 37. Bg1
Nxf3 38. Rxf3 Re1 39. Rf1 Rxf1 40. Bxf1 c6 41. Be2 Kc7 42. h3 Rg3 43. Bh2
Rxh3 44. Kg2 Rxc3 45. Bxf4+ Kb7 46. a4 Ra3 47. Bd1 Rd3 { White resigns }
0-1

[Event "ICC tourney 2350 (60 10)"]
[Site "Internet Chess Club"]
[Date "2021.01.30"]
[Round "3"]
[White "aslanwang"]
[Black "Curvedrain"]
[Result "0-1"]
[ICCResult "White checkmated"]
[WhiteElo "1136"]
[BlackElo "1923"]
[Opening "QGD"]
[ECO "D30"]
[NIC "QP.08"]
[Time "16:02:36"]
[PlyCount "116"]
[TimeControl "3600+10"]

1. d4 d5 2. c4 e6 3. Nf3 Nf6 4. Bg5 Be7 5. Bxf6 Bxf6 6. Nc3 O-O 7. e3 dxc4
8. Bxc4 b6 9. O-O Bb7 10. Rc1 Nd7 11. b4 a5 12. a3 axb4 13. axb4 Qe7 14. b5
e5 15. Re1 exd4 16. exd4 Qd6 17. Ne4 Bxe4 18. Rxe4 Rfe8 19. Rxe8+ Rxe8 20.
Qb3 Re7 21. Qd3 Nf8 22. Ra1 g6 23. h4 Rd7 24. Rd1 Ne6 25. Bxe6 fxe6 26. Qe3
Qd5 27. Re1 Rd6 28. Qf4 Kg7 29. Rc1 c6 30. bxc6 Rxc6 31. Ra1 Qd7 32. Ne5
Qc7 33. g4 Rc5 34. g5 Bxe5 35. dxe5 Qf7 36. Qf6+ Qxf6 37. exf6+ Kg8 38.
Ra8+ Kf7 39. Rh8 Rc4 40. Rxh7+ Kg8 41. Rh6 Kf7 42. Kg2 b5 43. Kg3 b4 44.
Rh7+ Kf8 45. Rb7 Rc3+ 46. f3 b3 47. Kg4 e5 48. f4 e4 49. h5 gxh5+ 50. Kxh5
e3 51. Kg6 Rc8 52. Rh7 Ke8 53. Re7+ Kf8 54. Rxe3 Rb8 55. Kh7 b2 56. Re1
b1=Q+ 57. Rxb1 Rxb1 58. g6 Rh1# { White checkmated } 0-1

[Event "ICC tourney 2350 (60 10)"]
[Site "Internet Chess Club"]
[Date "2021.01.31"]
[Round "4"]
[White "justinchess"]
[Black "tcao"]
[Result "1-0"]
[ICCResult "Black resigns"]
[WhiteElo "2361"]
[BlackElo "2056"]
[Opening "QGD: Ragozin variation"]
[ECO "D38"]
[NIC "NI.27"]
[Time "10:01:33"]
[PlyCount "45"]
[TimeControl "3600+10"]

1. d4 e6 2. Nf3 d5 3. c4 Nf6 4. Nc3 Bb4 5. Qb3 Nc6 6. Bg5 O-O 7. e3 h6 8.
Bxf6 Qxf6 9. Be2 dxc4 10. Qxc4 Bd7 11. O-O Bd6 12. Rfd1 Rfd8 13. Rac1 a6
14. Ne4 Qe7 15. Nc5 Bxc5 16. Qxc5 Qxc5 17. Rxc5 Rac8 18. Rdc1 Be8 19. a3
Rd7 20. Bxa6 Nxd4 21. Nxd4 bxa6 22. b4 Re7 23. Kf1 { Black resigns } 1-0

[Event "ICC tourney 2350 (60 10)"]
[Site "Internet Chess Club"]
[Date "2021.01.31"]
[Round "4"]
[White "Curvedrain"]
[Black "weijie123"]
[Result "1/2-1/2"]
[ICCResult "Game drawn by mutual agreement"]
[WhiteElo "1923"]
[BlackElo "2091"]
[Opening "Robatsch defense: three pawns attack"]
[ECO "B06"]
[NIC "KF.05"]
[Time "10:01:32"]
[PlyCount "31"]
[TimeControl "3600+10"]

1. e4 g6 2. d4 Bg7 3. f4 d6 4. Nf3 Nf6 5. Bd3 O-O 6. O-O Nc6 7. c3 e5 8.
fxe5 dxe5 9. d5 Ne7 10. Nxe5 Nfxd5 11. Nxf7 Rxf7 12. Rxf7 Kxf7 13. exd5
Qxd5 14. Qf1+ Ke8 15. Be3 Bf5 16. Bc4 { Game drawn by mutual agreement }
1/2-1/2

[Event "ICC tourney 2350 (60 10)"]
[Site "Internet Chess Club"]
[Date "2021.01.31"]
[Round "4"]
[White "mistermath314"]
[Black "DanielFridlyand"]
[Result "1-0"]
[ICCResult "Black checkmated"]
[WhiteElo "1972"]
[BlackElo "1567"]
[Opening "QGD: exchange variation"]
[ECO "D35"]
[NIC "TD.08"]
[Time "10:01:30"]
[PlyCount "77"]
[TimeControl "3600+10"]

1. d4 d5 2. c4 e6 3. Nc3 Nf6 4. cxd5 Nxd5 5. e4 Nxc3 6. bxc3 c5 7. Nf3 cxd4
8. cxd4 Nc6 9. Be2 Bb4+ 10. Bd2 Bxd2+ 11. Qxd2 O-O 12. O-O b6 13. Rac1 Bb7
14. Bb5 Ne7 15. Qe3 Rc8 16. Rxc8 Qxc8 17. Rc1 Qa8 18. Rc7 Ng6 19. e5 Rc8
20. Rxc8+ Qxc8 21. Ne1 Ba6 22. Bxa6 Qxa6 23. Qd2 Qc4 24. f4 Ne7 25. Nf3 Nd5
26. g4 Nb4 27. a3 Nc2 28. f5 Nxa3 29. f6 Qc2 30. Qf4 a5 31. h4 b5 32. h5 b4
33. Qg5 Qb1+ 34. Kg2 Qa2+ 35. Kg3 Kf8 36. fxg7+ Kg8 37. Qd8+ Kxg7 38. h6+
Kg6 39. Qf6# { Black checkmated } 1-0

[Event "ICC tourney 2350 (60 10)"]
[Site "Internet Chess Club"]
[Date "2021.01.31"]
[Round "4"]
[White "cdong13"]
[Black "Gadus-morhua"]
[Result "0-1"]
[ICCResult "White resigns"]
[WhiteElo "1676"]
[BlackElo "2136"]
[Opening "French: Tarrasch, closed variation, main line"]
[ECO "C06"]
[NIC "FR.17"]
[Time "10:01:40"]
[PlyCount "62"]
[TimeControl "3600+10"]

1. e4 e6 2. d4 d5 3. Nd2 Nf6 4. e5 Nfd7 5. Bd3 c5 6. c3 Nc6 7. Ne2 cxd4 8.
cxd4 f6 9. Nf4 Nxd4 10. Qh5+ Ke7 11. exf6+ Nxf6 12. Qe5 Nc6 13. Qe2 Kf7 14.
Nf3 Bb4+ 15. Bd2 Bxd2+ 16. Qxd2 Rf8 17. Ng5+ Kg8 18. O-O Ne4 19. Nfxe6 Bxe6
20. Bxe4 dxe4 21. Qxd8 Nxd8 22. Nxe4 Bd5 23. Nc3 Bc6 24. Rfe1 Re8 25. Rxe8+
Bxe8 26. Re1 Nc6 27. g3 Bf7 28. a3 Re8 29. Kf1 Bc4+ 30. Ne2 Rxe2 31. Rxe2
Nd4 { White resigns } 0-1

[Event "ICC tourney 2350 (60 10)"]
[Site "Internet Chess Club"]
[Date "2021.01.31"]
[Round "4"]
[White "marcusmellody"]
[Black "aslanwang"]
[Result "1-0"]
[ICCResult "Black resigns"]
[WhiteElo "1713"]
[BlackElo "1136"]
[Opening "King's Indian: 6.Be2"]
[ECO "E91"]
[NIC "KI.19"]
[Time "10:01:27"]
[PlyCount "79"]
[TimeControl "3600+10"]

1. d4 Nf6 2. c4 g6 3. Nc3 Bg7 4. e4 d6 5. Be2 O-O 6. Nf3 Nbd7 7. O-O Re8 8.
Be3 e5 9. d5 c6 10. Rc1 Nc5 11. Nd2 Qc7 12. b4 Ncd7 13. Nb3 b6 14. c5 bxc5
15. bxc5 cxd5 16. Nxd5 Nxd5 17. Qxd5 Rb8 18. Qxd6 Qxd6 19. cxd6 Nf6 20. f3
Be6 21. Bc4 Red8 22. Bxe6 fxe6 23. Rfd1 h6 24. Rc7 Ne8 25. Rc6 Nf6 26. Bxa7
Ra8 27. Bb6 Rdb8 28. d7 Nxd7 29. Rxd7 Rxa2 30. Rd8+ Rxd8 31. Bxd8 Rb2 32.
Nc5 Rc2 33. Rc7 h5 34. Nxe6 Rxc7 35. Bxc7 Bh6 36. Bxe5 Kf7 37. Bf4 Kxe6 38.
Bxh6 Kf6 39. Be3 g5 40. Kf2 { Black resigns } 1-0

[Event "ICC tourney 2350 (60 10)"]
[Site "Internet Chess Club"]
[Date "2021.01.31"]
[Round "4"]
[White "Markss1420"]
[Black "coolsportsguy"]
[Result "0-1"]
[ICCResult "White resigns"]
[WhiteElo "2090"]
[BlackElo "2330"]
[Opening "French: Tarrasch, open variation"]
[ECO "C07"]
[NIC "FR.18"]
[Time "10:01:57"]
[PlyCount "62"]
[TimeControl "3600+10"]

1. e4 e6 2. d4 d5 3. Nd2 c5 4. Ngf3 cxd4 5. Nxd4 Nc6 6. Nxc6 bxc6 7. e5 Ne7
8. f4 Nf5 9. Nf3 Bc5 10. Bd3 Qb6 11. Qe2 h5 12. b3 a5 13. Bb2 g6 14. a4 h4
15. Bxf5 gxf5 16. O-O-O Ba6 17. Qe1 Bf2 18. Bd4 Bxd4 19. Nxd4 c5 20. Nf3
O-O-O 21. Kb2 h3 22. g3 d4 23. Nd2 c4 24. Ka2 c3 25. Nf3 Qb4 26. Qf2 d3 27.
cxd3 Bb7 28. Rhf1 Bd5 29. Qc2 Kb8 30. Ra1 Ka8 31. Ng5 Rb8 { White resigns }
0-1

[Event "ICC tourney 2350 (60 10)"]
[Site "Internet Chess Club"]
[Date "2021.01.31"]
[Round "4"]
[White "AveryLucasNY"]
[Black "chessisthebest1"]
[Result "1-0"]
[ICCResult "Black resigns"]
[WhiteElo "2014"]
[BlackElo "1812"]
[Opening "QGD: exchange, positional line"]
[ECO "D35"]
[NIC "QO.16"]
[Time "10:01:33"]
[PlyCount "53"]
[TimeControl "3600+10"]

1. d4 d5 2. c4 e6 3. Nc3 Nf6 4. cxd5 exd5 5. Bg5 Nbd7 6. e3 c6 7. Bd3 Be7
8. Nge2 O-O 9. O-O Re8 10. f3 Nf8 11. Qd2 Be6 12. Rad1 Qc7 13. Bc2 h6 14.
Bf4 Qd7 15. e4 dxe4 16. fxe4 Rad8 17. Bg3 Ng6 18. Qd3 Qc8 19. h3 Nf8 20.
Qf3 b6 21. Kh1 Qb7 22. Rd2 Rd7 23. Rfd1 Red8 24. d5 cxd5 25. exd5 Bxd5 26.
Nxd5 Rxd5 27. Nc3 { Black resigns } 1-0

[Event "ICC tourney 2350 (60 10)"]
[Site "Internet Chess Club"]
[Date "2021.01.31"]
[Round "4"]
[White "dlevkov"]
[Black "BinghuiDu"]
[Result "1-0"]
[ICCResult "Black resigns"]
[WhiteElo "2159"]
[BlackElo "1925"]
[Opening "Alekhine's defense: exchange variation"]
[ECO "B03"]
[NIC "AL.08"]
[Time "10:01:40"]
[PlyCount "65"]
[TimeControl "3600+10"]

1. e4 Nf6 2. e5 Nd5 3. d4 d6 4. c4 Nb6 5. exd6 cxd6 6. Nc3 g6 7. Be3 Bg7 8.
Qd2 O-O 9. Be2 Bd7 10. c5 Nc8 11. O-O-O a6 12. Bh6 b6 13. h4 e6 14. h5 Qe7
15. Bxg7 Kxg7 16. hxg6 fxg6 17. Bd3 Be8 18. Nf3 Nc6 19. Ng5 h5 20. d5 exd5
21. Nxd5 Rxf2 22. Nxe7 Rxd2 23. Rxd2 N6xe7 24. Ne6+ Kf7 25. Nc7 Ra7 26.
Bc4+ d5 27. Rf1+ Kg8 28. Nxd5 Nxd5 29. Rxd5 Kg7 30. Rd8 Rc7 31. Be6 Bb5 32.
Rxc8 Rxc8 33. Rf7+ { Black resigns } 1-0

[Event "ICC tourney 2350 (60 10)"]
[Site "Internet Chess Club"]
[Date "2021.01.31"]
[Round "4"]
[White "yankeethanchess"]
[Black "rrr73"]
[Result "0-1"]
[ICCResult "White resigns"]
[WhiteElo "1723"]
[BlackElo "1488"]
[Opening "Sicilian defense"]
[ECO "B34"]
[NIC "SI.34"]
[Time "10:01:38"]
[PlyCount "124"]
[TimeControl "3600+10"]

1. e4 c5 2. Nf3 Nc6 3. d4 cxd4 4. Nxd4 Nf6 5. Nc3 g6 6. Be3 Bg7 7. Nxc6
bxc6 8. e5 Ng8 9. Bd4 e6 10. Ne4 Ne7 11. Nd6+ Kf8 12. Qf3 Nf5 13. Bc5 Nxd6
14. Bxd6+ Ke8 15. Bd3 Bf8 16. Bxf8 Kxf8 17. O-O Kg7 18. Qg3 Bb7 19. f4 Kf8
20. Rf2 Rg8 21. Raf1 c5 22. Qg5 Qxg5 23. fxg5 Rg7 24. Bb5 Ke7 25. Rd1 Rd8
26. Rfd2 Bc8 27. Rd6 Rgg8 28. R1d3 Rh8 29. Ra3 h6 30. Rxa7 hxg5 31. Ba6
Bxa6 32. Rdxa6 f6 33. exf6+ Kxf6 34. Rd6 Ke7 35. Rd3 Rh4 36. a4 Rb4 37. b3
c4 38. Rd4 e5 39. Rxc4 Rxc4 40. bxc4 Rc8 41. a5 Rxc4 42. a6 Rxc2 43. Rb7
Ra2 44. Rb6 d5 45. Rxg6 d4 46. Rxg5 Kf6 47. Rg3 Rxa6 48. Kf2 Kf5 49. Ke2
Ke4 50. Rg4+ Kd5 51. h4 e4 52. Rg5+ Kc4 53. h5 d3+ 54. Ke3 Rd6 55. Rg6 Rd8
56. Kd2 Kd4 57. Rg4 Rh8 58. Rh4 Rg8 59. g4 e3+ 60. Ke1 d2+ 61. Kd1 Kd3 62.
Rh2 Rxg4 { White resigns } 0-1

[Event "ICC tourney 2350 (60 10)"]
[Site "Internet Chess Club"]
[Date "2021.01.31"]
[Round "4"]
[White "HarleyQueen8"]
[Black "westo123"]
[Result "0-1"]
[ICCResult "White checkmated"]
[WhiteElo "1858"]
[BlackElo "1615"]
[Opening "Benoni: Taimanov variation"]
[ECO "A67"]
[NIC "BI.38"]
[Time "10:02:20"]
[PlyCount "78"]
[TimeControl "3600+10"]

1. d4 c5 2. d5 Nf6 3. c4 e6 4. Nc3 exd5 5. cxd5 d6 6. e4 g6 7. f4 Bg7 8.
Bb5+ Nbd7 9. e5 dxe5 10. fxe5 Nh5 11. Nf3 O-O 12. g4 Nxe5 13. gxh5 Nxf3+
14. Qxf3 Qh4+ 15. Qf2 Bxc3+ 16. bxc3 Qe4+ 17. Kd1 Qxh1+ 18. Kc2 Bf5+ 19.
Kb2 Qxd5 20. Bh6 Rfd8 21. hxg6 hxg6 22. Qh4 Qg2+ 23. Ka3 Rd6 24. Bf4 a6 25.
Bc4 Rb6 26. Bb3 Qh3 27. Qe7 Be6 28. Qxc5 Rc6 29. Qe7 Qxc3 30. Qxb7 Bxb3 31.
Qxb3 Qa5+ 32. Kb2 Rb6 33. Bc1 Rc8 34. Bf4 Rxb3+ 35. axb3 Qc3+ 36. Ka2 Rc5
37. Bc7 Rxc7 38. b4 Qc2+ 39. Ka3 Rc3# { White checkmated } 0-1

[Event "ICC tourney 2350 (60 10)"]
[Site "Internet Chess Club"]
[Date "2021.01.31"]
[Round "4"]
[White "leavenotrace"]
[Black "xcelswimmer"]
[Result "0-1"]
[ICCResult "White checkmated"]
[WhiteElo "1614"]
[BlackElo "1937"]
[Opening "French: Winawer (Nimzovich) variation"]
[ECO "C15"]
[NIC "FR.08"]
[Time "10:01:30"]
[PlyCount "122"]
[TimeControl "3600+10"]

1. e4 e6 2. d4 d5 3. Nc3 Bb4 4. exd5 exd5 5. Bd3 Nf6 6. Ne2 O-O 7. O-O Bg4
8. f3 Bh5 9. Bg5 c6 10. Nf4 Bg6 11. Nxg6 hxg6 12. Ne2 Nbd7 13. c3 Bd6 14.
f4 Qc7 15. Ng3 c5 16. dxc5 Qxc5+ 17. Kh1 Nh7 18. Bh4 Rae8 19. Ne2 Ndf6 20.
Bf2 Qc7 21. Bd4 Ne4 22. Qc2 Nhf6 23. Rf3 Bc5 24. Raf1 Ng4 25. h3 Ngf6 26.
Be5 Qd7 27. Bd4 Bxd4 28. Nxd4 a6 29. Rg1 Nc5 30. Bf1 Re1 31. Be2 Rxg1+ 32.
Kxg1 Re8 33. Bf1 Re1 34. Qf2 Qe7 35. Ne2 Ra1 36. Re3 Nce4 37. a3 Qc5 38.
Rxe4 Qxf2+ 39. Kxf2 Nxe4+ 40. Ke3 Rxf1 41. c4 Nf6 42. cxd5 Nxd5+ 43. Ke4
Nf6+ 44. Kd3 Kf8 45. g3 Ke7 46. Nd4 Nh5 47. Ne2 Nxg3 48. Nxg3 Rf3+ 49. Kc4
Rxg3 50. Kc5 Rxh3 51. b4 Rxa3 52. Kb6 Ra4 53. Kxb7 Rxb4+ 54. Kxa6 Kd6 55.
Ka5 Kc5 56. Ka6 Rb5 57. Ka7 Rb6 58. Ka8 Kc6 59. f5 Kc7 60. Ka7 gxf5 61. Ka8
Ra6# { White checkmated } 0-1

[Event "ICC tourney 2350 (60 10)"]
[Site "Internet Chess Club"]
[Date "2021.01.31"]
[Round "4"]
[White "jx4"]
[Black "LeonardoLiu2005"]
[Result "1/2-1/2"]
[ICCResult "Game drawn by repetition"]
[WhiteElo "2213"]
[BlackElo "2007"]
[Opening "King's Indian: Sämisch, 5...O-O"]
[ECO "E81"]
[NIC "KI.54"]
[Time "10:01:45"]
[PlyCount "92"]
[TimeControl "3600+10"]

1. d4 Nf6 2. c4 g6 3. Nc3 Bg7 4. e4 d6 5. f3 O-O 6. Be3 c5 7. Nge2 cxd4 8.
Nxd4 Nc6 9. Be2 Bd7 10. O-O a5 11. Qd2 Rc8 12. h3 Nxd4 13. Bxd4 Bc6 14.
Rac1 Nd7 15. Bxg7 Kxg7 16. f4 Nc5 17. Bf3 Kg8 18. Kh2 Qc7 19. Rcd1 Na4 20.
Nxa4 Bxa4 21. b3 Bc6 22. Qe3 b5 23. Be2 Qb7 24. cxb5 Bxe4 25. Bf3 Bxf3 26.
Rxf3 Rc2 27. a4 Rfc8 28. Rd2 R2c5 29. f5 Re5 30. Qf2 f6 31. fxg6 hxg6 32.
Rc2 Kg7 33. Rfc3 Rf5 34. Qe3 Rxc3 35. Rxc3 Rg5 36. Rc6 Re5 37. Qc3 Qd7 38.
b6 Qe6 39. b7 Re3 40. Qb2 Re2 41. Rc2 Rxc2 42. Qxc2 Qe5+ 43. Kh1 Qe1+ 44.
Kh2 Qe5+ 45. Kh1 Qe1+ 46. Kh2 Qe5+ { Game drawn by repetition } 1/2-1/2

[Event "ICC tourney 2350 (60 10)"]
[Site "Internet Chess Club"]
[Date "2021.01.31"]
[Round "4"]
[White "CaptainD17"]
[Black "Yolobear"]
[Result "1-0"]
[ICCResult "Black resigns"]
[WhiteElo "1706"]
[BlackElo "1827"]
[Opening "King's Indian: fianchetto variation"]
[ECO "E62"]
[NIC "KI.76"]
[Time "10:01:30"]
[PlyCount "104"]
[TimeControl "3600+10"]

1. d4 g6 2. c4 Bg7 3. Nc3 d6 4. Nf3 Nf6 5. g3 b6 6. Bg2 Bb7 7. O-O Nbd7 8.
Bf4 Nh5 9. Qd2 Nxf4 10. Qxf4 O-O 11. Rfd1 e5 12. Qd2 exd4 13. Nxd4 Bxg2 14.
Kxg2 Ne5 15. Qc2 c5 16. Ndb5 Nxc4 17. Qb3 Bxc3 18. Nxc3 Na5 19. Qd5 Qe7 20.
b3 Rad8 21. Rd3 Qb7 22. Rad1 Rfe8 23. e3 a6 24. Qxb7 Nxb7 25. Nd5 Kg7 26.
Nxb6 f5 27. Nc4 Re6 28. f4 Kf6 29. Kf3 Ke7 30. g4 Kf6 31. Rd5 fxg4+ 32.
Kxg4 Ke7 33. Kf3 Rf8 34. h4 Rf5 35. e4 Rxd5 36. Rxd5 Rf6 37. Ke3 Ke6 38. a3
Rf7 39. Kf3 Rd7 40. Kg4 Nd8 41. h5 Nf7 42. hxg6 hxg6 43. Ne3 Rb7 44. Rd3 g5
45. f5+ Ke5 46. Kf3 Kf6 47. Nc4 Rd7 48. Kg3 Ne5 49. Rxd6+ Rxd6 50. Nxd6 Nd3
51. Nc4 Ne5 52. Nxe5 Kxe5 { Black resigns } 1-0

[Event "ICC tourney 2350 (60 10)"]
[Site "Internet Chess Club"]
[Date "2021.01.31"]
[Round "4"]
[White "Chesscrusher28"]
[Black "harrislencz"]
[Result "0-1"]
[ICCResult "White resigns"]
[WhiteElo "1484"]
[BlackElo "1899"]
[Opening "English opening"]
[ECO "A15"]
[NIC "EO.64"]
[Time "10:01:32"]
[PlyCount "140"]
[TimeControl "3600+10"]

1. c4 Nf6 2. Nf3 b6 3. g3 Bb7 4. Bg2 c5 5. O-O e6 6. b3 Be7 7. Bb2 O-O 8.
e3 d5 9. cxd5 Nxd5 10. d4 Bf6 11. Qd2 Nd7 12. Nc3 a6 13. Nxd5 Bxd5 14. Rfd1
Qc7 15. Ne5 Bxg2 16. Nxd7 Qxd7 17. Kxg2 Qb7+ 18. f3 Rfd8 19. Qe2 cxd4 20.
Bxd4 Bxd4 21. Rxd4 Rxd4 22. exd4 Rd8 23. Rd1 b5 24. Qe4 Rd5 25. Rc1 Qd7 26.
Kf2 g6 27. Ke3 Kg7 28. Rc5 Rd6 29. g4 Rd5 30. Rxd5 Qxd5 31. Qxd5 exd5 32.
g5 f6 33. h4 Kf7 34. Kf4 Ke6 35. gxf6 Kxf6 36. Kg4 b4 37. Kf4 h5 38. Kg3
Kf5 39. Kg2 Kf4 40. Kf2 a5 41. Ke2 Kg3 42. Ke3 Kxh4 43. Kf4 Kh3 44. Ke5 Kg2
45. Kxd5 h4 46. Ke6 h3 47. d5 h2 48. d6 h1=Q 49. d7 Qh8 50. Ke7 Kxf3 51.
d8=Q Qxd8+ 52. Kxd8 g5 53. Kc7 Ke4 54. Kb6 Kd5 55. Kxa5 Kc5 56. Ka4 g4 57.
a3 g3 58. axb4+ Kb6 59. b5 g2 60. Kb4 g1=Q 61. Ka4 Qa1+ 62. Kb4 Qa5+ 63.
Kc4 Qxb5+ 64. Kc3 Qc5+ 65. Kb2 Qe3 66. Ka1 Qh3 67. Kb2 Kb5 68. Ka1 Kb4 69.
Kb2 Qg2+ 70. Ka1 Kxb3 { White resigns } 0-1

[Event "ICC tourney 2350 (60 10)"]
[Site "Internet Chess Club"]
[Date "2021.01.31"]
[Round "4"]
[White "geowhiz27"]
[Black "elMo17"]
[Result "0-1"]
[ICCResult "White checkmated"]
[WhiteElo "1667"]
[BlackElo "1786"]
[Opening "French: advance, Wade variation"]
[ECO "C02"]
[NIC "FR.03"]
[Time "10:01:37"]
[PlyCount "192"]
[TimeControl "3600+10"]

1. e4 e6 2. d4 d5 3. e5 c5 4. c3 Qb6 5. Nf3 Bd7 6. Bd3 Bb5 7. O-O Nc6 8. a3
Bxd3 9. Qxd3 c4 10. Qc2 Nge7 11. Bg5 h6 12. Bxe7 Bxe7 13. Nbd2 Qc7 14. b4
cxb3 15. Qxb3 O-O 16. Kh1 Na5 17. Qb2 Rfc8 18. Rfc1 b6 19. a4 Qd8 20. Nb3
Nc4 21. Qa2 a6 22. Nfd2 Bg5 23. Nxc4 Rxc4 24. Rc2 Qc7 25. a5 b5 26. Qb2 Rc8
27. Nc5 Qa7 28. g3 Be7 29. Nd3 Qc7 30. Rac1 Qxa5 31. Ra1 Qb6 32. Ne1 a5 33.
Nf3 Bb4 34. Rac1 Qc6 35. Nd2 Rxc3 36. Rxc3 Bxc3 37. Qa3 b4 38. Qa2 Qa6 39.
Nb3 Qc4 40. Qa4 Qd3 41. Qxa5 Qe4+ 42. Kg1 Rf8 43. Qc5 Qd3 44. Na5 Qxd4 45.
Qxd4 Bxd4 46. Nc6 Bc3 47. Rb1 Kh7 48. Kf1 Rc8 49. Na5 Rb8 50. Nc6 Rb6 51.
Na5 Bxe5 52. Ke2 Kg6 53. Kd3 Bf6 54. Nb3 Rc6 55. Nd2 Rc3+ 56. Ke2 Be7 57.
Rb2 e5 58. Nf3 Kf6 59. Ne1 e4 60. f3 Bc5 61. fxe4 dxe4 62. Nc2 Rf3 63. g4
Rf2+ 64. Ke1 Rxh2 65. Kf1 e3 66. Ke1 Bd6 67. Kd1 e2+ 68. Kd2 Bg3 69. Ne1
Bxe1+ 70. Kxe1 Kg5 71. Rxb4 f5 72. gxf5 Kxf5 73. Rb5+ Kg6 74. Rb6+ Kh7 75.
Rb7 h5 76. Rb3 g6 77. Rb7+ Kh6 78. Rb5 h4 79. Rb3 g5 80. Re3 h3 81. Rg3 Kh5
82. Ra3 g4 83. Ra8 Kh4 84. Rh8+ Kg3 85. Ra8 Rf2 86. Ra3+ Rf3 87. Ra8 h2 88.
Rh8 Kg2 89. Kxe2 h1=Q 90. Rxh1 Kxh1 91. Ke1 Kg2 92. Ke2 g3 93. Ke1 Rf2 94.
Kd1 Kf3 95. Ke1 g2 96. Kd1 g1=Q# { White checkmated } 0-1

[Event "ICC tourney 2350 (60 10)"]
[Site "Internet Chess Club"]
[Date "2021.01.31"]
[Round "4"]
[White "saisneha"]
[Black "JDPower"]
[Result "1-0"]
[ICCResult "Black checkmated"]
[WhiteElo "1927"]
[BlackElo "1754"]
[Opening "King's Indian: orthodox, 7...Nbd7"]
[ECO "E94"]
[NIC "KI.12"]
[Time "10:06:59"]
[PlyCount "109"]
[TimeControl "3600+10"]

1. d4 Nf6 2. c4 g6 3. Nc3 Bg7 4. e4 d6 5. Nf3 Nbd7 6. Be2 O-O 7. O-O e5 8.
d5 Nc5 9. Qc2 Nh5 10. Be3 Nf4 11. Rfe1 Nxe2+ 12. Qxe2 Nd7 13. b4 f5 14. Bg5
Nf6 15. c5 f4 16. c6 b6 17. b5 h6 18. Bxf6 Qxf6 19. a4 g5 20. Nd2 g4 21. a5
Rb8 22. axb6 axb6 23. Qd1 Qh4 24. Nf1 g3 25. hxg3 fxg3 26. Nxg3 Bg4 27. Qd3
Rf7 28. Nf5 Bxf5 29. exf5 Rbf8 30. Re4 Qg5 31. Re3 Qxf5 32. Ne4 Qc8 33. Rg3
Kh8 34. Ra7 Qb8 35. Ra3 Rf4 36. Rg6 Qc8 37. Qg3 Rxe4 38. Rxg7 Re1+ 39. Kh2
Qf5 40. Rxc7 Rg8 41. Qxg8+ Kxg8 42. Ra8+ Qf8 43. Rxf8+ Kxf8 44. Rh7 Rc1 45.
Rxh6 Ke7 46. Re6+ Kd8 47. Rxd6+ Kc7 48. Re6 Rc5 49. d6+ Kb8 50. Re8+ Ka7
51. d7 e4 52. d8=Q Rh5+ 53. Kg1 Rh1+ 54. Kxh1 e3 55. Qa8# { Black
checkmated } 1-0

[Event "ICC tourney 2350 (60 10)"]
[Site "Internet Chess Club"]
[Date "2021.01.31"]
[Round "5"]
[White "DanielFridlyand"]
[Black "JDPower"]
[Result "1-0"]
[ICCResult "Black resigns"]
[WhiteElo "1567"]
[BlackElo "1754"]
[Opening "King's Indian, 3.Nf3"]
[ECO "E61"]
[NIC "KI.76"]
[Time "13:01:07"]
[PlyCount "59"]
[TimeControl "3600+10"]

1. d4 Nf6 2. Nf3 g6 3. c4 Bg7 4. Nc3 d6 5. Bf4 O-O 6. e3 Nc6 7. Be2 Nh5 8.
Bg5 Nf6 9. O-O Re8 10. d5 Ne5 11. Nxe5 dxe5 12. e4 e6 13. f3 Qd6 14. Be3
Nh5 15. c5 Qe7 16. Nb5 a6 17. d6 cxd6 18. cxd6 Qd7 19. Nc7 Rb8 20. Nxe8
Qxe8 21. Bb6 Bd7 22. Bc7 Ra8 23. Qb3 b5 24. Qe3 Nf4 25. b3 Bh6 26. Qf2 b4
27. Bc4 Kg7 28. Qb6 f5 29. Bxa6 Ne2+ 30. Bxe2 { Black resigns } 1-0

[Event "ICC tourney 2350 (60 10)"]
[Site "Internet Chess Club"]
[Date "2021.01.31"]
[Round "5"]
[White "aslanwang"]
[Black "HarleyQueen8"]
[Result "0-1"]
[ICCResult "White resigns"]
[WhiteElo "1136"]
[BlackElo "1858"]
[Opening "QGA: 3.e4"]
[ECO "D20"]
[NIC "QG.04"]
[Time "13:00:16"]
[PlyCount "52"]
[TimeControl "3600+10"]

1. d4 d5 2. c4 dxc4 3. e4 e5 4. d5 Nf6 5. Nc3 b5 6. Nf3 b4 7. Nb1 Nxe4 8.
Bxc4 Bc5 9. Qe2 Nxf2 10. Qxe5+ Qe7 11. Qxe7+ Kxe7 12. Rf1 Ne4 13. a3 Bb7
14. axb4 Bxb4+ 15. Bd2 Nxd2 16. Nfxd2 f6 17. Ra4 Bd6 18. g3 Nd7 19. Ba2 Nb6
20. Re4+ Kd7 21. Nc3 Rae8 22. Rf2 Rxe4+ 23. Ndxe4 Re8 24. Re2 Bb4 25. Bb3
Bxd5 26. Rd2 Bxc3 { White resigns } 0-1